 Dungeon Crawl Stone Soup version 0.28-a0-998-gb9e9c7b67e (webtiles) character file.

Game seed: 15008091566124053252

30 porpoise the Insei (level 3, -1/17 HPs)
             Began as a Vine Stalker Transmuter on Dec 6, 2021.
             Succumbed to an adder's poison
             ... on level 2 of the Dungeon.
             The game lasted 00:05:03 (1096 turns).

porpoise the Insei (Vine Stalker Transmuter)        Turns: 1096, Time: 00:05:04

Health: -1/17      AC:  2    Str: 12    XL:     3   Next: 20%
Magic:  1/8        EV: 12    Int: 15    God:
Gold:   48         SH:  0    Dex: 14    Spells: 4/7 levels left

rFire   + . .      SeeInvis .     - Unarmed
rCold   + . .      Faith    .   (no shield)
rNeg    . . .      Spirit   +   a - +0 robe
rPois   +          Reflect  .   (helmet currently unavailable)
rElec   +          Harm     .   (no cloak)
rCorr   +          Rampage  .   (no gloves)
Will    .....                   (boots currently unavailable)
Stlth   +.........              (no amulet)
HPRegen 0.05/turn               (no ring)
MPRegen 0.11/turn               (no ring)

@: lethally poisoned (-1 -> -12), appendages, resistant
A: horns 2, talons 2, fangs 2, magic shield, antimagic bite, no potion heal 2
a: End Transformation


You were on level 2 of the Dungeon.
You had temporarily grown beastly horns and talons.
You visited 1 branch of the dungeon, and saw 2 of its levels.

You collected 48 gold pieces.

Inventory:

Missiles
 b - 60 stones
 e - 19 arrows
Armour
 a - a +0 robe (worn)


   Skills:
 - Level 0.8 Fighting
 - Level 1.5 Dodging
 + Level 3.4 Unarmed Combat
 + Level 2.7 Spellcasting
 + Level 2.6 Transmutations


You had 4 spell levels left.
You knew the following spells:

 Your Spells              Type           Power      Damage    Failure   Level
a - Beastly Appendage     Tmut           18%        N/A       7%          1
b - Wereblood             Tmut           9%         N/A       11%         2

Your spell library contained the following spells:

 Spells                   Type           Power      Damage    Failure   Level
 Spider Form              Tmut/Pois      5%         N/A       36%         3
 Ice Form                 Ice/Tmut       5%         N/A       77%         4


Dungeon Overview and Level Annotations

Branches:
Dungeon (2/15)

Altars:


Innate Abilities, Weirdness & Mutations

You have temporarily grown beastly horns and talons.
You have extremely sharp teeth.
When hurt, damage is shared between your health and your magic reserves.
Your bite disrupts and absorbs the magic of your enemies.
Potions cannot restore your health.


Message History

Okay, then.
You are too injured to fight recklessly!
You are too injured to fight recklessly!
You hit the adder. Your headbutt misses the adder. Your bite misses the adder.
The adder is moderately wounded.
You feel sick. The adder barely misses you.
You barely miss the adder. Your kick misses the adder.
The adder is moderately wounded.
You feel sick.
You are no longer poisoned.
The adder completely misses you.
You barely miss the adder. Your headbutt misses the adder.
Your bite misses the adder.
The adder is moderately wounded.
The adder barely misses you. x2
You barely miss the adder. You bite the adder, but do no damage.
The adder is moderately wounded.
The adder completely misses you.
You hit the adder.
The adder is severely wounded.
The adder completely misses you.
You barely miss the adder. Your bite misses the adder.
The adder is severely wounded.
The adder barely misses you.
You miss the adder. Your headbutt misses the adder. Your bite misses the adder.
The adder is severely wounded.
The adder bites you.
* * * LOW HITPOINT WARNING * * *
You are lethally poisoned!
The adder poisons you!
You hit the adder. Your kick misses the adder.
The adder is severely wounded.
* * * LOW HITPOINT WARNING * * *
You feel sick. The adder bites you.
* * * LOW HITPOINT WARNING * * *
You are more poisoned.
The adder poisons you!
It was a potion of resistance.
You feel protected.
You die...

..............†...#
.....#########<...#
.....# #....#
##.†.## #....#
###..# #....# ##<#
###.## #.# #.# #.#
#.# #.# #@# #.#
#.S...... #.#
......... #.#
##...#.### #..
..... .# .#.... # .
..... .. .....#


You could see an adder.

Vanquished Creatures
  2 ball pythons (D:1)
  5 bats
  2 giant cockroaches (D:1)
  7 goblins (D:1)
  3 hobgoblins (D:1)
  4 frilled lizards
  5 kobolds
  2 rats (D:1)
30 creatures vanquished.

Vanquished Creatures (others)
  4 demonic plants (D:1)
  5 plants (D:1)
  A withered plant (D:1)
10 creatures vanquished.

Grand Total: 40 creatures vanquished

Notes
Turn   | Place    | Note
-------+----------+-------------------------------------------
     0 | D:1      | porpoise the Vine Stalker Transmuter began the quest for
                  | the Orb.
     0 | D:1      | Reached XP level 1. HP: 9/9 MP: 4/4
    49 | D:1      | Found a faded altar of an unknown god.
   234 | D:1      | Reached XP level 2. HP: 14/14 MP: 6/6
   513 | D:1      | Learned a level 2 spell: Wereblood
   819 | D:1      | Reached XP level 3. HP: 17/17 MP: 6/8
  1096 | D:2      | Succumbed to an adder's poison

Illustrated notes

Levels and vault maps discovered:
D:1:      ebering_hopf_link, layout_rooms, shapermc_ecumenical_altar_gd,
          serial_bayou_pond_b
D:2:      layout_rooms, dk_vineyard_2, uniq_sigmund

Action                   || total
-------------------------++-------
Melee: Unarmed           ||    70
       Kick              ||    14
       Headbutt          ||     8
       Bite              ||    13
       Punch             ||     1
 Cast: Beastly Appendage ||    17
  Use: Potion            ||     2
 Stab: Sleeping          ||     1
Armor: Robe              ||    11
Dodge: Dodged            ||    50

Table legend: (Time is in decaauts)
 A = Elapsed time spent in this place.
 B = Non-inter-level travel time spent in this place.
 C = Inter-level travel time spent in this place.
 D = Time resting spent in this place.
 E = Time spent auto-exploring this place.
 F = Levels seen in this place.
 G = Mean time per level.
                   A        B        C        D        E       F      G
               +--------+--------+--------+--------+--------+-----+--------+
         Total |   1092 |   1055 |     37 |    367 |    498 |   2 |  546.0 |
       Dungeon |   1092 |   1055 |     37 |    367 |    498 |   2 |  546.0 |
               +--------+--------+--------+--------+--------+-----+--------+

Top non-repeatable levels by time:
     D:1: 1034 daAuts
     D:2: 57 daAuts
